 Dungeon Crawl Stone Soup version 0.32-a0-975-g85d4e5bfdb (webtiles) character file.

Game seed: 17954029978285572235

359 trashops the Chopper (level 6, -9/51 (52) HPs)
             Began as a Mountain Dwarf Fighter on Apr 19, 2024.
             Mangled by Crazy Yiuf
             ... wielding a +2 quarterstaff of chaos
              (15 damage)
             ... on level 3 of the Dungeon.
             The game lasted 00:03:44 (2368 turns).

trashops the Chopper (Mountain Dwarf Fighter)       Turns: 2368, Time: 00:03:45

HP:   -9/51 (52)    AC:  9    Str: 18 (20) XL:     6   Next: 37%
MP:   6/6           EV:  2    Int:  7 (9)  God:
Gold: 135           SH:  0    Dex:  6 (9)  Spells: 5/5 levels left

rFire   . . .        a - +0 war axe
rCold   . . .        c - +0 buckler
rNeg    . . .        b - +0 scale mail
rPois   .            n - +0 helmet
rElec   .            (no cloak)
rCorr   .            f - +0 pair of gloves
SInv    .            (no boots)
Will    .....        (no amulet) Stlth
                     (no ring)
HPRegen 0.28/turn    (no ring)
MPRegen 0.10/turn

%: no passive effects
@: sleeping, lightly drained
A: runic magic, artefact enchanting
a: no special abilities


You were on level 3 of the Dungeon.
You visited 1 branch of the dungeon, and saw 3 of its levels.

You collected 135 gold pieces.

Inventory:

Hand Weapons
 a - a +0 war axe (weapon)
Armour
 b - a +0 scale mail (worn)
 c - a +0 buckler (worn)
 f - a +0 pair of gloves (worn)
 h - a scarf of harm
 n - a +0 helmet (worn)
Jewellery
 d - a ring of magical power
 m - a ring of ice
Scrolls
 e - a scroll of enchant weapon {unknown}
 j - 4 scrolls of teleportation {unknown}
 l - a scroll of fear
Potions
 g - a potion of invisibility
 i - 3 potions of curing


   Skills:
 + Level 4.1 Fighting
 * Level 6.7 Axes
 + Level 4.3 Armour
 + Level 3.8 Shields


You had 5 spell levels left.
You didn't know any spells.
Your spell library was empty.

Dungeon Overview and Level Annotations

Branches:
Dungeon (3/15)

Altars:
Dithmenos

Annotations:
D:3 Crazy Yiuf


Innate Abilities, Weirdness & Mutations

Your spellcasting is much less encumbered by armour.
You can use scrolls of enchantment on lesser artefacts.


Message History

Item here: a fine hammer.
The floor.
It was a potion of degeneration.
There was something very wrong with that liquid.
You feel weakened.
You feel dopey.
You feel clumsy.
It was a potion of heal wounds.
You feel much better.
You open the door. You hit Crazy Yiuf.
Crazy Yiuf is lightly wounded.
Crazy Yiuf barely misses you.
You hit Crazy Yiuf.
Crazy Yiuf is lightly wounded.
Crazy Yiuf says, "Hack!
Sif Muna head shrimp."
Crazy Yiuf hits you but does no damage.
You feel drained.
You hit Crazy Yiuf.
Crazy Yiuf is heavily wounded.
Crazy Yiuf closely misses you.
Crazy Yiuf hits you with a +2 quarterstaff of chaos!
Crazy Yiuf freezes you.
You barely miss Crazy Yiuf.
Crazy Yiuf is heavily wounded.
Crazy Yiuf hits you with a +2 quarterstaff of chaos!
Crazy Yiuf freezes you.
You hit Crazy Yiuf but do no damage.
Crazy Yiuf is heavily wounded.
Crazy Yiuf cries, "Tonal sizzlefizz dark!"
You block Crazy Yiuf's attack.
You hit Crazy Yiuf.
Crazy Yiuf is severely wounded.
Crazy Yiuf hits you with a +2 quarterstaff of chaos!
Crazy Yiuf burns you.
* * * LOW HITPOINT WARNING * * *
You barely miss Crazy Yiuf.
Crazy Yiuf is severely wounded.
Crazy Yiuf says, "Rot hand mumblescurry!"
Crazy Yiuf hits you with a +2 quarterstaff of chaos!
* * * LOW HITPOINT WARNING * * *
You fall asleep.
Crazy Yiuf hits you with a +2 quarterstaff of chaos!
You die...

.....# #....##.....# #.# #.#.#.#
.....###....##.....####.# #.#.#.#
............''..........# #.#.#.#
.....######################.#.#.#
.......<# #..[.#.#.#
......#.####### #........#
......#÷.#..#.### ### ####.#####
.............#..##...# #.........
...).#......####@g...# #†#.#####.
##.......#.## ###..)# #.#.....#.
##..##.#### ### #.#####.#.
#..#..# #.......#. #....##
#.#######. ##....# ### #.# #.
####...#######.##+#### ### #.
.......#.............. #.
####.....###.......... #.


You could see Crazy Yiuf.

Vanquished Creatures
  Sigmund (D:3)
  A bombardier beetle (D:3)
  Natasha (D:3)
  Robin (D:3)
  A gnoll (D:1)
  4 adders
  A dart slug (D:1)
  2 ribbon worms (D:2)
  4 ball pythons
  6 bats
  8 endoplasms
  2 giant cockroaches
  20 goblins
  7 hobgoblins
  4 jackals (D:2)
  3 quokkas
  2 frilled lizards (D:2)
  2 kobolds
  6 rats
76 creatures vanquished.

Notes
Turn   | Place    | Note
-------+----------+-------------------------------------------
     0 | D:1      | trashops the Mountain Dwarf Fighter began the quest for the
                  | Orb.
     0 | D:1      | Reached XP level 1. HP: 19/19 MP: 1/1
    81 | D:1      | Reached XP level 2. HP: 25/26 MP: 2/2
    91 | D:1      | Reached skill level 3 in Axes
   345 | D:1      | Reached XP level 3. HP: 31/31 MP: 3/3
  1076 | D:2      | Reached skill level 4 in Axes
  1190 | D:2      | Reached XP level 4. HP: 31/40 MP: 4/4
  1594 | D:2      | Found a faded altar of an unknown god.
  1760 | D:3      | Reached skill level 5 in Axes
  1791 | D:3      | Noticed Natasha
  1793 | D:3      | Found a shadowy altar of Dithmenos.
  1796 | D:3      | Killed Natasha
  1797 | D:3      | Reached XP level 5. HP: 37/46 MP: 5/5
  2130 | D:3      | Noticed Sigmund
  2139 | D:3      | Killed Sigmund
  2140 | D:3      | Reached skill level 6 in Axes
  2140 | D:3      | Reached XP level 6. HP: 49/52 MP: 6/6
  2203 | D:3      | Noticed Robin
  2224 | D:3      | Killed Robin
  2354 | D:3      | Found a runed translucent door.
  2355 | D:3      | Noticed Crazy Yiuf
  2368 | D:3      | Mangled by Crazy Yiuf

Illustrated notes

Levels and vault maps discovered:
D:1:      minmay_arrival_cross, layout_basic
D:2:      layout_loops_corners, shapermc_ecumenical_altar_notcrosses
D:3:      layout_basic, zin_statuary, old_standard_altar,
          uniq_crazy_yiuf_cottage, uniq_robin, uniq_natasha, uniq_sigmund

Skill      XL: |  1  2  3  4  5 |
---------------+----------------+-----
Axes           | 3 4 5 6 |  6.7
Fighting       | 4 |  4.1
Armour         | 4 |  4.3
Shields        | |  3.8

Action                     |  1- 3 |  4- 6 || total
---------------------------+-------+-------++-------
  Melee: War axe           |   120 |    93 ||   213
    Use: Scroll            |     3 |       ||     3
         Potion            |       |     3 ||     3
 Armour: Scale mail        |    83 |    86 ||   169
  Dodge: Dodged            |    56 |    35 ||    91
  Block: Buckler           |    29 |    21 ||    50

Table legend: (Time is in decaauts)
 A = Elapsed time spent in this place.
 B = Non-inter-level travel time spent in this place.
 C = Inter-level travel time spent in this place.
 D = Time resting spent in this place.
 E = Time spent auto-exploring this place.
 F = Levels seen in this place.
 G = Mean time per level.
                   A        B        C        D        E       F      G
               +--------+--------+--------+--------+--------+-----+--------+
         Total |   2437 |   2406 |     31 |      0 |   1880 |   3 |  812.3 |
       Dungeon |   2437 |   2406 |     31 |      0 |   1880 |   3 |  812.3 |
               +--------+--------+--------+--------+--------+-----+--------+

Top non-repeatable levels by time:
     D:2: 1096 daAuts
     D:3: 678 daAuts
     D:1: 661 daAuts
